 Dungeon Crawl Stone Soup version 0.30-a0-777-ga9a30cbeda (webtiles) character file.

Game seed: 13024534025958436031

758 NinjaNoafa the Grasshopper (level 7, 0/51 HPs)
             Began as an Armataur Warper on Feb 13, 2023.
             Slain by an orc wizard
             ... wielding a +0 dagger
              (4 damage)
             ... on level 5 of the Dungeon.
             The game lasted 00:15:59 (2937 turns).

NinjaNoafa the Grasshopper (Armataur Warper)        Turns: 2937, Time: 00:15:59

Health: 0/51       AC: 11    Str: 16    XL:     7   Next: 50%
Magic:  13/13      EV:  9    Int: 15    God:
Gold:   264        SH:  5    Dex: 10    Spells: 9/14 levels left

rFire   . . .      SeeInvis .    a - +3 whip (venom)
rCold   . . .      Faith    .    (no shield)
rNeg    . . .      Spirit   .    x - +2 leather armour {rPois}
rPois   +          Reflect  +    (helmet restricted)
rElec   .          Harm     .    l - +1 cloak
rCorr   +          Roll     +    m - +0 pair of gloves
Will    +....                    (no barding)
Stlth   +                        r - amulet of reflection
HPRegen 0.28/turn                j - ring of willpower
MPRegen 0.13/turn                k - ring of resist corrosion

@: hasted, very quick
A: large, rugged brown scales 3, deformed body, armoured tail, roll, long
tongue, awkward tongue, horns 1, stinger 1, iridescent scales 1, frail 1
a: no special abilities


You were on level 5 of the Dungeon.
You visited 1 branch of the dungeon, and saw 5 of its levels.

You collected 264 gold pieces.

Inventory:

Hand Weapons
 a - a +3 whip of venom (weapon)
Missiles
 b - 5 poisoned darts
 d - 7 boomerangs of dispersal
 e - 21 boomerangs (quivered)
 i - 3 atropa-tipped darts
 D - 4 javelins
Armour
 l - a +1 cloak (worn)
 m - a +0 pair of gloves (worn)
 x - a +2 leather armour of poison resistance (worn)
 z - a +0 helmet
Jewellery
 j - a ring of willpower (left hand)
 k - a ring of resist corrosion (right hand)
 r - an amulet of reflection (around neck)
Wands
 u - a wand of polymorph (3)
 w - a wand of paralysis (14)
Scrolls
 c - 3 scrolls of blinking
 h - 2 scrolls of identify {unknown}
 n - 2 scrolls of enchant weapon {unknown}
 q - a scroll of poison {unknown}
 t - 2 scrolls of teleportation
 v - a scroll of noise {unknown}
 y - a scroll of brand weapon {unknown}
 A - a scroll of magic mapping {unknown}
Potions
 g - 2 potions of degeneration {unknown}
 o - a potion of might {unknown}
 p - 2 potions of mutation
 s - a potion of curing {unknown}
 B - a potion of cancellation {unknown}
 C - a potion of attraction {unknown}


   Skills:
 - Level 1.7 Fighting
 - Level 3.0 Maces & Flails
 - Level 0.8 Throwing
 - Level 1.2 Armour
 - Level 1.3 Dodging
 - Level 4.0 Spellcasting
 + Level 6.0 Translocations
 + Level 3.3 Air Magic


You had 9 spell levels left.
You knew the following spells:

 Your Spells              Type           Power      Damage    Failure   Level
a - Blink                 Tloc           42%        N/A       2%          2
b - Teleport Other        Tloc           21%        N/A       5%          3

Your spell library contained the following spells:

 Spells                   Type           Power      Damage    Failure   Level
 Apportation              Tloc           42%        N/A       1%          1
 Lesser Beckoning         Tloc           42%        N/A       2%          2
 Vhi's Electric Charge    Tloc/Air       34%        N/A       10%         3
 Portal Projectile        Hex/Tloc       24%        N/A       19%         3
 Manifold Assault         Tloc           21%        N/A       19%         4
 Necrotise                Necr           12%        1d4       22%         1
 Summon Small Mammal      Summ           12%        N/A       22%         1
 Tukima's Dance           Hex            3%         N/A       54%         3
 Animate Dead             Necr           3%         N/A       91%         4
 Blade Hands              Tmut           1%         N/A       99%         5
 Borgnjor's Vile Clutch   Necr/Erth      1%         N/A       99%         5
 Death Channel            Necr           1%         N/A       100%        6


Dungeon Overview and Level Annotations

Branches:
Dungeon (5/15)
 Temple: D:4-7

Altars:
Ashenzari

Shops:
D:1 !   D:5 *


Innate Abilities, Weirdness & Mutations

You are completely covered in rugged brown scales. (AC +3, +7% HP)
Armour fits poorly on your strangely shaped body.
You have a long armoured tail.
You roll when moving toward enemies. (Rampage)
Your long tongue fully drains potion bottles. (2x potion effects)
Your tongue gives you trouble enunciating. (1.5x scroll delay)
You have a pair of small horns on your head.
Your tail ends in a venomous barb.
You are partially covered in iridescent scales. (AC +2)
You are frail. (-10% HP)


Message History

Reactivating autopickup.
You feel a bit more experienced. The orc priest closely misses you.
Something hits you but does no damage.
Deactivating autopickup; reactivate with Ctrl-A.
Your Translocations skill increases to level 6!
You barely miss something.
Your tail-slap misses something.
You hit the orc priest.
The orc priest looks as sick as possible!
Your tail-slap misses the orc priest.
The orc priest is severely wounded.
The orc priest mumbles some strange prayers to Beogh against you.
Beogh smites you!
* * * LOW HITPOINT WARNING * * *
Something completely misses you.
Okay, then.
You hit the orc priest but do no damage.
The orc priest looks as sick as possible!
Your tail-slap misses the orc priest.
The orc priest is severely wounded.
The orc priest hits you but does no damage.
Something hits you.
* * * LOW HITPOINT WARNING * * *
You slurp down every last drop of the 3 dark potions!
It was a potion of mutation.
You feel extremely strange.
You feel frail.
Iridescent scales grow over part of your body.
A venomous barb forms on the end of your tail.
A pair of horns grows on your head!
Your +0 helmet falls away!
You kill the orc priest!
You miss something.
You hear some strange, mumbled words.
A puff of flame appears from out of thin air!
The puff of flame hits you but does no damage.
You hit something. Your headbutt misses something.
Your tail-slap misses something.
Something hits you but does no damage.
You hit something. Your headbutt misses something. You miss something.
You headbutt something.
Your tail-slap misses something.
Something hits you.
You die...

.####.. #..# ##.#.#
....... #..# #.#.#
...<... #..# #.#.#
......... #..# #.#.#
####o...o #..# #.#.# #
.... ###..# #.#.# #
... ....# #.#.# #
#..########)### #.#.#
.#.####.........@[[.##
#...#
.........#######{###.#
#.### .#.##
#..........# #.# #.#
....####.#######.###.#
#.# .....###. ##..{##
#.###### ......##[#
##.## #.......
......##.##
##.#######.#.####
......#≈≈≈##
#..........#.#
..)...≈≈≈≈≈#
#....#######.#


There were no monsters in sight!

Vanquished Creatures
  2 ice beasts (D:5)
  3 scorpions
  A hound (D:3)
  3 orc priests
  Ijyb (D:3)
  2 iguanas (D:5)
  An orc wizard (D:5)
  7 adders
  A white imp (D:5)
  3 worms (D:2)
  2 dart slugs
  7 orcs
  7 bats
  7 endoplasms
  A giant cockroach (D:2)
  6 goblins
  11 hobgoblins
  2 jackals (D:4)
  11 kobolds
  2 quokkas
  9 ball pythons
  5 frilled lizards
  5 rats
99 creatures vanquished.

Vanquished Creatures (others)
  9 plants (D:2)
9 creatures vanquished.

Grand Total: 108 creatures vanquished

Notes
Turn   | Place    | Note
-------+----------+-------------------------------------------
     0 | D:1      | NinjaNoafa the Armataur Warper began the quest for the Orb.
     0 | D:1      | Reached XP level 1. HP: 18/18 MP: 3/3
   119 | D:1      | Found Akhuneff's Distillery.
   145 | D:1      | Reached XP level 2. HP: 10/25 MP: 5/5
   299 | D:1      | You fall into a shaft and drop 1 floor!
   413 | D:2      | Reached XP level 3. HP: 31/31 MP: 6/6
   708 | D:2      | Learned a level 2 spell: Blink
   938 | D:2      | Reached XP level 4. HP: 38/38 MP: 7/7
   957 | D:2      | Reached skill level 4 in Translocations
  1293 | D:3      | Noticed Ijyb
  1315 | D:3      | Killed Ijyb
  1316 | D:3      | Reached XP level 5. HP: 42/43 MP: 9/9
  1362 | D:3      | Found a faded altar of an unknown god.
  1456 | D:3      | Found a broken altar of Ashenzari.
  1628 | D:4      | Learned a level 3 spell: Teleport Other
  2388 | D:5      | Entered Level 5 of the Dungeon
  2399 | D:4      | Reached skill level 5 in Translocations
  2399 | D:4      | Reached skill level 1 in Air Magic
  2399 | D:4      | Reached XP level 6. HP: 46/51 MP: 10/10
  2569 | D:5      | Found Tini's General Store.
  2705 | D:5      | Noticed an ice beast
  2726 | D:5      | Killed an ice beast
  2727 | D:5      | Reached XP level 7. HP: 34/56 MP: 12/12
  2930 | D:5      | Reached skill level 6 in Translocations
  2933 | D:5      | Gained mutation: You are frail. (-10% HP) [potion of
                  | mutation]
  2933 | D:5      | Gained mutation: You are partially covered in iridescent
                  | scales. (AC +2) [potion of mutation]
  2933 | D:5      | Gained mutation: Your tail ends in a venomous barb. [potion
                  | of mutation]
  2933 | D:5      | Gained mutation: You have a pair of small horns on your
                  | head. [potion of mutation]
  2937 | D:5      | Slain by an orc wizard

Illustrated notes

Levels and vault maps discovered:
D:1:      onia_arrival_pyramid, layout_rooms, serial_shops, shop_statue
D:2:      layout_basic, lexackson_kobold_supper
D:3:      layout_basic, ashenzari_altar_1,
          hellmonk_ecumenical_altar_arch_garden,
          nicolae_kite_square_tiling_tiny, kennysheep_generic_room_3, uniq_ijyb
D:4:      minmay_general_purpose_star, layout_basic
D:5:      layout_loops_ring, serial_shops, nicolae_shop_waterfront, uniq_pikel

Skill      XL: |  1  2  3  4  5  6  7 |
---------------+----------------------+-----
Maces & Flails | 2 3 |  3.0
Spellcasting   | 2 3 4 |  4.0
Translocations | 4 5 6 |  6.0
Air Magic      | 1 2 3 |  3.3
Fighting       | |  1.7
Throwing       | |  0.8
Armour         | |  1.2
Dodging        | |  1.3

Action                     |  1- 3 |  4- 6 |  7- 9 || total
---------------------------+-------+-------+-------++-------
  Melee: Mace              |   141 |    23 |       ||   164
         Tailslap          |    20 |    23 |     6 ||    49
         Punch             |     1 |       |       ||     1
         Whip              |       |   153 |    43 ||   196
         Headbutt          |       |       |     1 ||     1
    Use: Potion            |       |       |     2 ||     2
         Scroll            |       |       |     1 ||     1
 Armour: Leather armour    |    63 |    46 |    20 ||   129
  Dodge: Dodged            |    85 |    48 |    14 ||   147
  Block: Other             |    15 |    31 |     6 ||    52

Table legend: (Time is in decaauts)
 A = Elapsed time spent in this place.
 B = Non-inter-level travel time spent in this place.
 C = Inter-level travel time spent in this place.
 D = Time resting spent in this place.
 E = Time spent auto-exploring this place.
 F = Levels seen in this place.
 G = Mean time per level.
                   A        B        C        D        E       F      G
               +--------+--------+--------+--------+--------+-----+--------+
         Total |   2966 |   2520 |    446 |      0 |     16 |   5 |  593.2 |
       Dungeon |   2966 |   2520 |    446 |      0 |     16 |   5 |  593.2 |
               +--------+--------+--------+--------+--------+-----+--------+

Top non-repeatable levels by time:
     D:4: 805 daAuts
     D:2: 649 daAuts
     D:3: 585 daAuts
     D:5: 502 daAuts
     D:1: 424 daAuts
